Connexion

MONTREAL Canadiens vs COLORADO Avalanche

Created - 13 février 2024 at 05:45

Goals
1 2 3 T
MONTREAL Canadiens 2 1 1 4
COLORADO Avalanche 0 1 2 3
Shots
1 2 3 T
MONTREAL Canadiens 13 11 14 38
COLORADO Avalanche 9 12 11 32

GoalsPenalties
1st period
1. MONTREAL Canadiens , Cam Atkinson 33 (Evgeni Malkin 27, Patrick Kane 39) at 10:09 (PP)
2. MONTREAL Canadiens , Kailer Yamamoto 13 (Joe Veleno 7) at 16:24
Brenden Dillon (COL) for High sticking (Minor) at 3:22
Noah Dobson (COL) for Interference (Minor) at 8:14
2nd period
3. MONTREAL Canadiens , Kyle Capobianco 3 (Tyler Seguin 34, Patrick Kane 40) at 5:31
4. COLORADO Avalanche , Claude Giroux 14 (Johnny Gaudreau 19) at 5:48
No Penalty
3rd period
5. MONTREAL Canadiens , Tyson Barrie 12 (Cam Atkinson 38, Justin Faulk 27) at 4:49 (PP)
6. COLORADO Avalanche , Artemi Panarin 25 (Alexander Wennberg 29, Anze Kopitar 15) at 13:31
7. COLORADO Avalanche , Claude Giroux 15 (Christian Djoos 26, Johnny Gaudreau 20) at 15:28
Martin Frk (COL) for Tripping (Minor) at 1:35
Maxime Comtois (COL) for Holding (Minor) at 4:03
Goalie Stats
Sergei Bobrovsky (MTL), 29 saves from 32 shots - (0,906), W, 10-9-2, 60:00 minutes
Braden Holtby (COL), 34 saves from 38 shots - (0,895), L, 29-27-4, 59:46 minutes
3 StarsOfficial
1 - Claude Giroux (COL)
2 - Kyle Capobianco (MTL)
3 - Kailer Yamamoto (MTL)
Referees : Marc Joannette and Stephane Auger
Linesman : Don Henderson and Tony Sericolo
Game Note
No Game Note
Finance
Level 1 -- Attendance: 6000 (100,00%) -- Ticket Income $600,000
Level 2 -- Attendance: 5007 (100,00%) -- Ticket Income $400,560
Level 3 -- Attendance: 1343 (67,15%) -- Ticket Income $94,010
Level 4 -- Attendance: 3620 (90,50%) -- Ticket Income $144,800
Luxury Box -- Attendance: 512 (51,20%) -- Ticket Income $256,000
Game was played at the Pepsi Center.
Total Attendance: 16482 (91,53%)
Total Ticket Income: $1,495,370
Other Income: $299,074
Total Income: $1,794,444



Team Name Goals Shots Shots Attemp Shots Blocked PIM HIT PP PK FO%
MONTREAL Canadiens 43861120222 / 4 (50%)055%
COLORADO Avalanche 3326368240 / 0 (0,00%245%

MONTREAL Canadiens
Player Name POS G A P +/- PIM HIT SHT SB MP PP MP PP SHT PK MP PK SHT FO% FOT
Boone JennerC/LW0000021019:373:2000:0000% 0
Brett HowdenC/LW000-100016:000:0000:00060% 10
Cam AtkinsonLW/RW112-1016122:013:1910:00050% 2
Dakota MermisD000-1000120:253:2400:0000% 0
Evgeni MalkinC/RW0110001020:053:1900:000100% 3
Isac LundestromC/LW0001004012:000:0000:0000% 0
Jake GuentzelC/LW/RW0000015019:373:2010:00038% 13
Joe VelenoC0111021012:220:0000:00053% 15
Justin FaulkD011-1011222:083:1500:0000% 0
Kailer YamamotoC/LW/RW1011024012:220:0000:0000% 0
Kyle CapobiancoD1012041216:080:0000:0000% 0
Matthew BenningD0002021215:460:0000:0000% 0
Michael PezzettaC/LW000-100106:000:0000:0000% 0
Moritz SeiderD000-2031121:443:2410:0000% 0
Patrick KaneC/RW022-1014022:013:1920:00050% 6
Phil KesselC/RW000-100106:000:0000:0000% 0
Tyler SeguinC/RW011-1033021:553:2000:00058% 31
Tyson BarrieD101-2003223:493:1510:0000% 0
COLORADO Avalanche
Player Name POS G A P +/- PIM HIT SHT SB MP PP MP PP SHT PK MP PK SHT FO% FOT
Adam RuzickaC000001004:010:0000:0000% 3
Alexander WennbergC0110053020:370:0003:01045% 20
Anthony ManthaLW/RW0001022015:450:0000:000100% 1
Anze KopitarC0110001017:360:0000:0000% 1
Artemi PanarinLW1010005020:440:0003:01067% 3
Brenden DillonD0000251118:000:0002:4000% 0
Christian DjoosD0110012217:390:0000:3700% 0
Claude GirouxC/LW/RW2021017019:440:0003:38056% 25
Glenn GawdinC/LW000000003:470:0000:0000% 0
Jeff Petry D0001020024:330:0003:2100% 0
Johnny GaudreauLW0221015023:310:0003:38038% 8
Martin FrkRW0000201015:510:0000:0000% 1
Maxime ComtoisLW0000220015:510:0000:0000% 1
Nikita TryamkinD0000000016:060:0000:5900% 0
Noah DobsonD0000232321:320:0002:0500% 0
Oliver KylingtonD0001011022:080:0003:3600% 0
Philip TomasinoC0000002015:520:0000:00041% 17
Sebastien ReppoRW000000000:000:0000:0000% 0



Play-by-Play

1st period


0:01 of 1st period - Cam Atkinson wins face-off versus Claude Giroux in neutral zone.
2:03 of 1st period - Shot by Martin Frk.
2:03 of 1st period - Shot Hit the Post.
2:05 of 1st period - Shot by Brenden Dillon.
2:05 of 1st period - Stopped by Sergei Bobrovsky without a rebound.
2:06 of 1st period - Brett Howden wins face-off versus Johnny Gaudreau in MONTREAL Canadiens zone.
2:06 of 1st period - Michael Pezzetta is hit by Adam Ruzicka and loses puck.
2:15 of 1st period - Shot by Johnny Gaudreau.
2:15 of 1st period - Shot Blocked by Kyle Capobianco.
2:28 of 1st period - Icing by Kyle Capobianco.
2:29 of 1st period - Brett Howden wins face-off versus Philip Tomasino in MONTREAL Canadiens zone.
2:29 of 1st period - Brett Howden is hit by Maxime Comtois.
2:46 of 1st period - Philip Tomasino is hit by Kyle Capobianco and loses puck.
3:10 of 1st period - Kailer Yamamoto is hit by Brenden Dillon and loses puck.
3:18 of 1st period - Kailer Yamamoto is hit by Brenden Dillon and loses puck.
3:22 of 1st period - Minor Penalty to Brenden Dillon for High sticking.
3:23 of 1st period - Patrick Kane wins face-off versus Johnny Gaudreau in COLORADO Avalanche zone.
3:24 of 1st period - Shot by Evgeni Malkin.
3:24 of 1st period - Shot Misses the Net.
3:26 of 1st period - Shot by Moritz Seider.
3:26 of 1st period - Stopped by Braden Holtby without a rebound.
3:27 of 1st period - Evgeni Malkin wins face-off versus Johnny Gaudreau in COLORADO Avalanche zone.
3:37 of 1st period - Cam Atkinson is hit by Noah Dobson and loses puck.
4:36 of 1st period - Christian Djoos is hit by Boone Jenner and loses puck.
4:57 of 1st period - Shot by Claude Giroux.
4:57 of 1st period - Shot Misses the Net.
4:59 of 1st period - Shot by Claude Giroux.
4:59 of 1st period - Shot Blocked by Moritz Seider.
5:29 of 1st period - Shot by Isac Lundestrom.
5:29 of 1st period - Shot Blocked by Christian Djoos.
5:31 of 1st period - Shot by Kailer Yamamoto.
5:31 of 1st period - Shot Misses the Net.
5:47 of 1st period - Shot by Kailer Yamamoto.
5:47 of 1st period - Stopped by Braden Holtby with a rebound.
6:02 of 1st period - Kailer Yamamoto is hit by Christian Djoos.
6:06 of 1st period - Shot by Kailer Yamamoto.
6:06 of 1st period - Stopped by Braden Holtby without a rebound.
6:07 of 1st period - Brett Howden wins face-off versus Alexander Wennberg in COLORADO Avalanche zone.
6:13 of 1st period - Icing by Nikita Tryamkin.
6:14 of 1st period - Artemi Panarin wins face-off versus Tyler Seguin in COLORADO Avalanche zone.
7:07 of 1st period - Shot by Jake Guentzel.
7:07 of 1st period - Stopped by Braden Holtby with a rebound.
7:57 of 1st period - Icing by Claude Giroux.
7:58 of 1st period - Joe Veleno wins face-off versus Claude Giroux in COLORADO Avalanche zone.
8:09 of 1st period - Shot by Kailer Yamamoto.
8:09 of 1st period - Deflect By Isac Lundestrom.
8:09 of 1st period - Stopped by Braden Holtby without a rebound.
8:10 of 1st period - Tyler Seguin wins face-off versus Philip Tomasino in COLORADO Avalanche zone.
8:14 of 1st period - Minor Penalty to Noah Dobson for Interference.
8:15 of 1st period - Johnny Gaudreau wins face-off versus Patrick Kane in COLORADO Avalanche zone.
8:38 of 1st period - Shot by Tyson Barrie.
8:38 of 1st period - Deflect By Patrick Kane.
8:38 of 1st period - Stopped by Braden Holtby without a rebound.
8:39 of 1st period - Tyler Seguin wins face-off versus Artemi Panarin in COLORADO Avalanche zone.
8:56 of 1st period - Oliver Kylington is hit by Tyler Seguin and loses puck.
10:09 of 1st period - Shot by Cam Atkinson.
10:09 of 1st period - Goal by Cam Atkinson - MONTREAL Canadiens : 1 - COLORADO Avalanche : 0.
10:10 of 1st period - Joe Veleno wins face-off versus Maxime Comtois in neutral zone.
10:35 of 1st period - Shot by Isac Lundestrom.
10:35 of 1st period - Shot Misses the Net.
10:37 of 1st period - Shot by Matthew Benning.
10:37 of 1st period - Shot Misses the Net.
11:12 of 1st period - Tyson Barrie is hit by Oliver Kylington and loses puck.
11:21 of 1st period - Shot by Claude Giroux.
11:21 of 1st period - Shot Blocked by Justin Faulk.
11:23 of 1st period - Shot by Anthony Mantha.
11:23 of 1st period - Shot Blocked by Brett Howden.
11:25 of 1st period - Shot by Oliver Kylington.
11:25 of 1st period - Stopped by Sergei Bobrovsky without a rebound.
11:26 of 1st period - Alexander Wennberg wins face-off versus Tyler Seguin in MONTREAL Canadiens zone.
11:43 of 1st period - Shot by Alexander Wennberg.
11:43 of 1st period - Stopped by Sergei Bobrovsky without a rebound.
11:44 of 1st period - Claude Giroux wins face-off versus Jake Guentzel in MONTREAL Canadiens zone.
11:54 of 1st period - Icing by Justin Faulk.
11:55 of 1st period - Jake Guentzel wins face-off versus Alexander Wennberg in MONTREAL Canadiens zone.
11:55 of 1st period - Jake Guentzel is hit by Alexander Wennberg.
12:36 of 1st period - Shot by Evgeni Malkin.
12:36 of 1st period - Shot Hit the Post.
12:38 of 1st period - Shot by Evgeni Malkin.
12:38 of 1st period - Shot Hit the Post.
13:02 of 1st period - Shot by Claude Giroux.
13:02 of 1st period - Stopped by Sergei Bobrovsky without a rebound.
13:03 of 1st period - Anthony Mantha wins face-off versus Joe Veleno in MONTREAL Canadiens zone.
13:03 of 1st period - Claude Giroux is hit by Kyle Capobianco and loses puck.
13:42 of 1st period - Shot by Claude Giroux.
13:42 of 1st period - Deflect By Johnny Gaudreau.
13:42 of 1st period - Shot Blocked by Kyle Capobianco.
13:44 of 1st period - Shot by Johnny Gaudreau.
13:44 of 1st period - Stopped by Sergei Bobrovsky without a rebound.
13:45 of 1st period - Tyler Seguin wins face-off versus Martin Frk in MONTREAL Canadiens zone.
13:47 of 1st period - Icing by Cam Atkinson.
13:48 of 1st period - Tyler Seguin wins face-off versus Alexander Wennberg in MONTREAL Canadiens zone.
14:01 of 1st period - Shot by Tyler Seguin.
14:01 of 1st period - Stopped by Braden Holtby with a rebound.
14:03 of 1st period - Shot by Cam Atkinson.
14:03 of 1st period - Stopped by Braden Holtby with a rebound.
14:05 of 1st period - Shot by Cam Atkinson.
14:05 of 1st period - Stopped by Braden Holtby without a rebound.
14:06 of 1st period - Jake Guentzel wins face-off versus Philip Tomasino in COLORADO Avalanche zone.
14:34 of 1st period - Dakota Mermis is hit by Noah Dobson and loses puck.
15:19 of 1st period - Shot by Claude Giroux.
15:19 of 1st period - Shot Misses the Net.
15:54 of 1st period - Claude Giroux is hit by Patrick Kane and loses puck.
16:21 of 1st period - Shot by Cam Atkinson.
16:21 of 1st period - Stopped by Braden Holtby without a rebound.
16:22 of 1st period - Joe Veleno wins face-off versus Alexander Wennberg in COLORADO Avalanche zone.
16:22 of 1st period - Joe Veleno is hit by Noah Dobson.
16:24 of 1st period - Shot by Kailer Yamamoto.
16:24 of 1st period - Goal by Kailer Yamamoto - MONTREAL Canadiens : 2 - COLORADO Avalanche : 0.
16:25 of 1st period - Brett Howden wins face-off versus Anze Kopitar in neutral zone.
16:34 of 1st period - Shot by Phil Kessel.
16:34 of 1st period - Stopped by Braden Holtby without a rebound.
16:35 of 1st period - Alexander Wennberg wins face-off versus Joe Veleno in COLORADO Avalanche zone.
16:50 of 1st period - Icing by Kailer Yamamoto.
16:51 of 1st period - Philip Tomasino wins face-off versus Joe Veleno in MONTREAL Canadiens zone.
17:01 of 1st period - Philip Tomasino is hit by Kyle Capobianco and loses puck.
17:10 of 1st period - Shot by Martin Frk.
17:10 of 1st period - Shot Misses the Net.
17:24 of 1st period - Shot by Martin Frk.
17:24 of 1st period - Shot Misses the Net.
17:26 of 1st period - Shot by Nikita Tryamkin.
17:26 of 1st period - Shot Misses the Net.
17:29 of 1st period - Philip Tomasino is hit by Matthew Benning and loses puck.
18:02 of 1st period - Shot by Claude Giroux.
18:02 of 1st period - Deflect By Johnny Gaudreau.
18:02 of 1st period - Stopped by Sergei Bobrovsky with a rebound.
18:04 of 1st period - Shot by Anthony Mantha.
18:04 of 1st period - Shot Blocked by Tyson Barrie.
18:16 of 1st period - Shot by Johnny Gaudreau.
18:16 of 1st period - Stopped by Sergei Bobrovsky without a rebound.
18:17 of 1st period - Jake Guentzel wins face-off versus Alexander Wennberg in MONTREAL Canadiens zone.
18:17 of 1st period - Jake Guentzel is hit by Alexander Wennberg.
18:38 of 1st period - Shot by Artemi Panarin.
18:38 of 1st period - Shot Misses the Net.
18:40 of 1st period - Shot by Christian Djoos.
18:40 of 1st period - Stopped by Sergei Bobrovsky without a rebound.
18:41 of 1st period - Philip Tomasino wins face-off versus Tyler Seguin in MONTREAL Canadiens zone.
18:45 of 1st period - Icing by Moritz Seider.
18:46 of 1st period - Tyler Seguin wins face-off versus Claude Giroux in MONTREAL Canadiens zone.
19:07 of 1st period - Shot by Claude Giroux.
19:07 of 1st period - Stopped by Sergei Bobrovsky without a rebound.
19:08 of 1st period - Jake Guentzel wins face-off versus Alexander Wennberg in MONTREAL Canadiens zone.
19:52 of 1st period - Icing by Noah Dobson.
19:53 of 1st period - Alexander Wennberg wins face-off versus Tyler Seguin in COLORADO Avalanche zone.
Goals for this period are 2 for MONTREAL Canadiens vs 0 for COLORADO Avalanche .
Shots for this period are 13 for MONTREAL Canadiens vs 9 for COLORADO Avalanche .

2nd period


0:01 of 2nd period - Claude Giroux wins face-off versus Tyler Seguin in neutral zone.
0:42 of 2nd period - Shot by Tyler Seguin.
0:42 of 2nd period - Stopped by Braden Holtby without a rebound.
0:43 of 2nd period - Alexander Wennberg wins face-off versus Jake Guentzel in COLORADO Avalanche zone.
0:43 of 2nd period - Artemi Panarin is hit by Boone Jenner and loses puck.
0:47 of 2nd period - Icing by Alexander Wennberg.
0:48 of 2nd period - Artemi Panarin wins face-off versus Jake Guentzel in COLORADO Avalanche zone.
0:59 of 2nd period - Shot by Artemi Panarin.
0:59 of 2nd period - Stopped by Sergei Bobrovsky with a rebound.
1:33 of 2nd period - Shot by Boone Jenner.
1:33 of 2nd period - Shot Misses the Net.
1:45 of 2nd period - Off-side.
1:46 of 2nd period - Claude Giroux wins face-off versus Tyler Seguin in neutral zone.
2:05 of 2nd period - Shot by Anthony Mantha.
2:05 of 2nd period - Shot Blocked by Cam Atkinson.
2:07 of 2nd period - Shot by Anthony Mantha.
2:07 of 2nd period - Stopped by Sergei Bobrovsky without a rebound.
2:08 of 2nd period - Brett Howden wins face-off versus Philip Tomasino in MONTREAL Canadiens zone.
2:28 of 2nd period - Icing by Philip Tomasino.
2:29 of 2nd period - Tyler Seguin wins face-off versus Philip Tomasino in COLORADO Avalanche zone.
2:46 of 2nd period - Shot by Patrick Kane.
2:46 of 2nd period - Stopped by Braden Holtby with a rebound.
2:48 of 2nd period - Shot by Cam Atkinson.
2:48 of 2nd period - Shot Blocked by Brenden Dillon.
2:56 of 2nd period - Philip Tomasino is hit by Tyler Seguin and loses puck.
4:36 of 2nd period - Oliver Kylington is hit by Kailer Yamamoto and loses puck.
4:43 of 2nd period - Shot by Isac Lundestrom.
4:43 of 2nd period - Stopped by Braden Holtby without a rebound.
4:44 of 2nd period - Alexander Wennberg wins face-off versus Brett Howden in COLORADO Avalanche zone.
5:08 of 2nd period - Artemi Panarin is hit by Moritz Seider.
5:12 of 2nd period - Shot by Anze Kopitar.
5:12 of 2nd period - Stopped by Sergei Bobrovsky without a rebound.
5:13 of 2nd period - Claude Giroux wins face-off versus Tyler Seguin in MONTREAL Canadiens zone.
5:14 of 2nd period - Shot by Johnny Gaudreau.
5:14 of 2nd period - Stopped by Sergei Bobrovsky without a rebound.
5:15 of 2nd period - Tyler Seguin wins face-off versus Claude Giroux in MONTREAL Canadiens zone.
5:21 of 2nd period - Icing by Kyle Capobianco.
5:22 of 2nd period - Tyler Seguin wins face-off versus Claude Giroux in MONTREAL Canadiens zone.
5:29 of 2nd period - Shot by Tyler Seguin.
5:29 of 2nd period - Stopped by Braden Holtby with a rebound.
5:31 of 2nd period - Shot by Kyle Capobianco.
5:31 of 2nd period - Goal by Kyle Capobianco - MONTREAL Canadiens : 3 - COLORADO Avalanche : 0.
5:32 of 2nd period - Tyler Seguin wins face-off versus Claude Giroux in neutral zone.
5:37 of 2nd period - Shot by Noah Dobson.
5:37 of 2nd period - Stopped by Sergei Bobrovsky without a rebound.
5:38 of 2nd period - Tyler Seguin wins face-off versus Claude Giroux in MONTREAL Canadiens zone.
5:46 of 2nd period - Icing by Tyson Barrie.
5:47 of 2nd period - Claude Giroux wins face-off versus Tyler Seguin in MONTREAL Canadiens zone.
5:48 of 2nd period - Shot by Johnny Gaudreau.
5:48 of 2nd period - Deflect By Claude Giroux.
5:48 of 2nd period - Goal by Claude Giroux - MONTREAL Canadiens : 3 - COLORADO Avalanche : 1.
5:49 of 2nd period - Patrick Kane wins face-off versus Claude Giroux in neutral zone.
5:52 of 2nd period - Anthony Mantha is hit by Tyler Seguin and loses puck.
6:22 of 2nd period - Cam Atkinson is hit by Jeff Petry and loses puck.
6:34 of 2nd period - Oliver Kylington is hit by Moritz Seider and loses puck.
7:02 of 2nd period - Icing by Evgeni Malkin.
7:03 of 2nd period - Alexander Wennberg wins face-off versus Jake Guentzel in MONTREAL Canadiens zone.
7:18 of 2nd period - Shot by Boone Jenner.
7:18 of 2nd period - Shot Misses the Net.
7:28 of 2nd period - Shot by Alexander Wennberg.
7:28 of 2nd period - Stopped by Sergei Bobrovsky without a rebound.
7:29 of 2nd period - Philip Tomasino wins face-off versus Joe Veleno in MONTREAL Canadiens zone.
7:59 of 2nd period - Shot by Isac Lundestrom.
7:59 of 2nd period - Deflect By Kailer Yamamoto.
7:59 of 2nd period - Stopped by Braden Holtby with a rebound.
8:01 of 2nd period - Shot by Matthew Benning.
8:01 of 2nd period - Shot Misses the Net.
8:03 of 2nd period - Shot by Isac Lundestrom.
8:03 of 2nd period - Stopped by Braden Holtby without a rebound.
8:04 of 2nd period - Alexander Wennberg wins face-off versus Tyler Seguin in COLORADO Avalanche zone.
9:12 of 2nd period - Boone Jenner is hit by Alexander Wennberg and loses puck.
9:28 of 2nd period - Boone Jenner is hit by Anthony Mantha.
9:34 of 2nd period - Shot by Jake Guentzel.
9:34 of 2nd period - Stopped by Braden Holtby without a rebound.
9:35 of 2nd period - Joe Veleno wins face-off versus Adam Ruzicka in COLORADO Avalanche zone.
9:46 of 2nd period - Glenn Gawdin is hit by Joe Veleno and loses puck.
10:01 of 2nd period - Shot by Oliver Kylington.
10:01 of 2nd period - Shot Misses the Net.
11:20 of 2nd period - Icing by Johnny Gaudreau.
11:21 of 2nd period - Claude Giroux wins face-off versus Jake Guentzel in COLORADO Avalanche zone.
11:30 of 2nd period - Shot by Evgeni Malkin.
11:30 of 2nd period - Stopped by Braden Holtby with a rebound.
11:32 of 2nd period - Shot by Jake Guentzel.
11:32 of 2nd period - Shot Blocked by Noah Dobson.
12:20 of 2nd period - Off-side.
12:21 of 2nd period - Tyler Seguin wins face-off versus Philip Tomasino in neutral zone.
12:37 of 2nd period - Icing by Maxime Comtois.
12:38 of 2nd period - Philip Tomasino wins face-off versus Brett Howden in COLORADO Avalanche zone.
12:47 of 2nd period - Shot by Michael Pezzetta.
12:47 of 2nd period - Shot Blocked by Noah Dobson.
14:05 of 2nd period - Shot by Alexander Wennberg.
14:05 of 2nd period - Deflect By Anze Kopitar.
14:05 of 2nd period - Shot Misses the Net.
14:14 of 2nd period - Icing by Matthew Benning.
14:15 of 2nd period - Claude Giroux wins face-off versus Brett Howden in MONTREAL Canadiens zone.
14:34 of 2nd period - Brett Howden is hit by Claude Giroux and loses puck.
15:14 of 2nd period - Shot by Patrick Kane.
15:14 of 2nd period - Stopped by Braden Holtby without a rebound.
15:15 of 2nd period - Philip Tomasino wins face-off versus Jake Guentzel in COLORADO Avalanche zone.
15:56 of 2nd period - Shot by Martin Frk.
15:56 of 2nd period - Shot Misses the Net.
16:10 of 2nd period - Justin Faulk is hit by Alexander Wennberg and loses puck.
16:17 of 2nd period - Shot by Artemi Panarin.
16:17 of 2nd period - Stopped by Sergei Bobrovsky without a rebound.
16:18 of 2nd period - Claude Giroux wins face-off versus Tyler Seguin in MONTREAL Canadiens zone.
16:23 of 2nd period - Shot by Claude Giroux.
16:23 of 2nd period - Stopped by Sergei Bobrovsky without a rebound.
16:24 of 2nd period - Tyler Seguin wins face-off versus Claude Giroux in MONTREAL Canadiens zone.
16:30 of 2nd period - Off-side.
16:31 of 2nd period - Claude Giroux wins face-off versus Tyler Seguin in neutral zone.
16:33 of 2nd period - Off-side.
16:34 of 2nd period - Tyler Seguin wins face-off versus Claude Giroux in neutral zone.
17:44 of 2nd period - Shot by Alexander Wennberg.
17:44 of 2nd period - Shot Blocked by Tyson Barrie.
18:06 of 2nd period - Shot by Artemi Panarin.
18:06 of 2nd period - Stopped by Sergei Bobrovsky with a rebound.
18:14 of 2nd period - Shot by Kailer Yamamoto.
18:14 of 2nd period - Deflect By Joe Veleno.
18:14 of 2nd period - Stopped by Braden Holtby without a rebound.
18:15 of 2nd period - Philip Tomasino wins face-off versus Jake Guentzel in COLORADO Avalanche zone.
18:44 of 2nd period - Maxime Comtois is hit by Kyle Capobianco and loses puck.
18:51 of 2nd period - Shot by Philip Tomasino.
18:51 of 2nd period - Shot Misses the Net.
18:53 of 2nd period - Shot by Philip Tomasino.
18:53 of 2nd period - Shot Misses the Net.
18:55 of 2nd period - Shot by Maxime Comtois.
18:55 of 2nd period - Shot Misses the Net.
18:57 of 2nd period - Shot by Martin Frk.
18:57 of 2nd period - Shot Blocked by Matthew Benning.
19:17 of 2nd period - Matthew Benning is hit by Anthony Mantha and loses puck.
19:32 of 2nd period - Shot by Claude Giroux.
19:32 of 2nd period - Stopped by Sergei Bobrovsky without a rebound.
19:33 of 2nd period - Joe Veleno wins face-off versus Alexander Wennberg in MONTREAL Canadiens zone.
19:37 of 2nd period - Dakota Mermis is hit by Alexander Wennberg and loses puck.
19:52 of 2nd period - Shot by Noah Dobson.
19:52 of 2nd period - Stopped by Sergei Bobrovsky with a rebound.
19:55 of 2nd period - Icing by Dakota Mermis.
19:56 of 2nd period - Joe Veleno wins face-off versus Johnny Gaudreau in MONTREAL Canadiens zone.
Goals for this period are 1 for MONTREAL Canadiens vs 1 for COLORADO Avalanche .
Shots for this period are 11 for MONTREAL Canadiens vs 12 for COLORADO Avalanche .

3rd period


0:01 of 3rd period - Claude Giroux wins face-off versus Tyler Seguin in neutral zone.
0:41 of 3rd period - Shot by Tyler Seguin.
0:41 of 3rd period - Shot Misses the Net.
0:43 of 3rd period - Shot by Tyson Barrie.
0:43 of 3rd period - Stopped by Braden Holtby with a rebound.
0:45 of 3rd period - Shot by Tyson Barrie.
0:45 of 3rd period - Stopped by Braden Holtby with a rebound.
1:31 of 3rd period - Shot by Christian Djoos.
1:31 of 3rd period - Stopped by Sergei Bobrovsky without a rebound.
1:32 of 3rd period - Evgeni Malkin wins face-off versus Philip Tomasino in MONTREAL Canadiens zone.
1:32 of 3rd period - Evgeni Malkin is hit by Maxime Comtois.
1:35 of 3rd period - Minor Penalty to Martin Frk for Tripping.
1:36 of 3rd period - Johnny Gaudreau wins face-off versus Patrick Kane in COLORADO Avalanche zone.
1:53 of 3rd period - Shot by Patrick Kane.
1:53 of 3rd period - Shot Misses the Net.
3:13 of 3rd period - Shot by Patrick Kane.
3:13 of 3rd period - Stopped by Braden Holtby with a rebound.
3:52 of 3rd period - Maxime Comtois is hit by Kailer Yamamoto and loses puck.
4:03 of 3rd period - Minor Penalty to Maxime Comtois for Holding.
4:04 of 3rd period - Tyler Seguin wins face-off versus Johnny Gaudreau in COLORADO Avalanche zone.
4:31 of 3rd period - Shot by Jake Guentzel.
4:31 of 3rd period - Stopped by Braden Holtby without a rebound.
4:32 of 3rd period - Johnny Gaudreau wins face-off versus Patrick Kane in COLORADO Avalanche zone.
4:32 of 3rd period - Claude Giroux is hit by Justin Faulk and loses puck.
4:49 of 3rd period - Shot by Tyson Barrie.
4:49 of 3rd period - Goal by Tyson Barrie - MONTREAL Canadiens : 4 - COLORADO Avalanche : 1.
4:50 of 3rd period - Philip Tomasino wins face-off versus Joe Veleno in neutral zone.
4:52 of 3rd period - Martin Frk is hit by Matthew Benning and loses puck.
5:59 of 3rd period - Shot by Alexander Wennberg.
5:59 of 3rd period - Shot Misses the Net.
7:06 of 3rd period - Shot by Johnny Gaudreau.
7:06 of 3rd period - Shot Blocked by Justin Faulk.
7:16 of 3rd period - Shot by Jake Guentzel.
7:16 of 3rd period - Stopped by Braden Holtby without a rebound.
7:17 of 3rd period - Brett Howden wins face-off versus Philip Tomasino in COLORADO Avalanche zone.
7:22 of 3rd period - Shot by Michael Pezzetta.
7:22 of 3rd period - Stopped by Braden Holtby with a rebound.
7:25 of 3rd period - Phil Kessel is hit by Jeff Petry and loses puck.
7:42 of 3rd period - Shot by Justin Faulk.
7:42 of 3rd period - Stopped by Braden Holtby with a rebound.
7:44 of 3rd period - Shot by Michael Pezzetta.
7:44 of 3rd period - Shot Misses the Net.
8:11 of 3rd period - Shot by Jake Guentzel.
8:11 of 3rd period - Shot Misses the Net.
8:13 of 3rd period - Shot by Boone Jenner.
8:13 of 3rd period - Shot Misses the Net.
9:08 of 3rd period - Shot by Cam Atkinson.
9:08 of 3rd period - Shot Misses the Net.
9:10 of 3rd period - Shot by Matthew Benning.
9:10 of 3rd period - Stopped by Braden Holtby without a rebound.
9:11 of 3rd period - Joe Veleno wins face-off versus Alexander Wennberg in COLORADO Avalanche zone.
9:13 of 3rd period - Isac Lundestrom is hit by Brenden Dillon.
9:21 of 3rd period - Nikita Tryamkin is hit by Joe Veleno and loses puck.
9:39 of 3rd period - Icing by Dakota Mermis.
9:40 of 3rd period - Claude Giroux wins face-off versus Joe Veleno in MONTREAL Canadiens zone.
9:57 of 3rd period - Shot by Kailer Yamamoto.
9:57 of 3rd period - Shot Blocked by Noah Dobson.
9:59 of 3rd period - Shot by Isac Lundestrom.
9:59 of 3rd period - Stopped by Braden Holtby with a rebound.
10:01 of 3rd period - Shot by Kailer Yamamoto.
10:01 of 3rd period - Shot Blocked by Christian Djoos.
10:19 of 3rd period - Shot by Johnny Gaudreau.
10:19 of 3rd period - Stopped by Sergei Bobrovsky without a rebound.
10:20 of 3rd period - Evgeni Malkin wins face-off versus Alexander Wennberg in MONTREAL Canadiens zone.
10:36 of 3rd period - Boone Jenner is hit by Brenden Dillon and loses puck.
10:45 of 3rd period - Shot by Evgeni Malkin.
10:45 of 3rd period - Deflect By Boone Jenner.
10:45 of 3rd period - Stopped by Braden Holtby with a rebound.
10:47 of 3rd period - Shot by Evgeni Malkin.
10:47 of 3rd period - Deflect By Jake Guentzel.
10:47 of 3rd period - Stopped by Braden Holtby without a rebound.
10:48 of 3rd period - Tyler Seguin wins face-off versus Adam Ruzicka in COLORADO Avalanche zone.
11:16 of 3rd period - Shot by Tyler Seguin.
11:16 of 3rd period - Shot Misses the Net.
12:15 of 3rd period - Shot by Jake Guentzel.
12:15 of 3rd period - Shot Misses the Net.
12:57 of 3rd period - Icing by Anze Kopitar.
12:58 of 3rd period - Alexander Wennberg wins face-off versus Brett Howden in COLORADO Avalanche zone.
13:18 of 3rd period - Anze Kopitar is hit by Moritz Seider and loses puck.
13:29 of 3rd period - Shot by Artemi Panarin.
13:29 of 3rd period - Deflect By Anze Kopitar.
13:29 of 3rd period - Shot Misses the Net.
13:31 of 3rd period - Shot by Alexander Wennberg.
13:31 of 3rd period - Deflect By Artemi Panarin.
13:31 of 3rd period - Goal by Artemi Panarin - MONTREAL Canadiens : 4 - COLORADO Avalanche : 2.
13:32 of 3rd period - Tyler Seguin wins face-off versus Philip Tomasino in neutral zone.
13:39 of 3rd period - Shot by Cam Atkinson.
13:39 of 3rd period - Stopped by Braden Holtby without a rebound.
13:40 of 3rd period - Tyler Seguin wins face-off versus Philip Tomasino in COLORADO Avalanche zone.
14:15 of 3rd period - Shot by Maxime Comtois.
14:15 of 3rd period - Deflect By Philip Tomasino.
14:15 of 3rd period - Stopped by Sergei Bobrovsky with a rebound.
14:17 of 3rd period - Shot by Philip Tomasino.
14:17 of 3rd period - Shot Misses the Net.
14:19 of 3rd period - Shot by Philip Tomasino.
14:19 of 3rd period - Shot Blocked by Dakota Mermis.
14:41 of 3rd period - Shot by Alexander Wennberg.
14:41 of 3rd period - Stopped by Sergei Bobrovsky without a rebound.
14:42 of 3rd period - Jake Guentzel wins face-off versus Alexander Wennberg in MONTREAL Canadiens zone.
14:48 of 3rd period - Artemi Panarin is hit by Jake Guentzel and loses puck.
14:52 of 3rd period - Off-side.
14:53 of 3rd period - Claude Giroux wins face-off versus Joe Veleno in neutral zone.
15:02 of 3rd period - Shot by Anthony Mantha.
15:02 of 3rd period - Shot Misses the Net.
15:04 of 3rd period - Shot by Anthony Mantha.
15:04 of 3rd period - Stopped by Sergei Bobrovsky without a rebound.
15:05 of 3rd period - Alexander Wennberg wins face-off versus Jake Guentzel in MONTREAL Canadiens zone.
15:20 of 3rd period - Shot by Artemi Panarin.
15:20 of 3rd period - Stopped by Sergei Bobrovsky without a rebound.
15:21 of 3rd period - Claude Giroux wins face-off versus Tyler Seguin in MONTREAL Canadiens zone.
15:28 of 3rd period - Shot by Claude Giroux.
15:28 of 3rd period - Goal by Claude Giroux - MONTREAL Canadiens : 4 - COLORADO Avalanche : 3.
15:29 of 3rd period - Claude Giroux wins face-off versus Cam Atkinson in neutral zone.
15:42 of 3rd period - Anthony Mantha is hit by Cam Atkinson and loses puck.
15:47 of 3rd period - Shot by Cam Atkinson.
15:47 of 3rd period - Stopped by Braden Holtby with a rebound.
16:49 of 3rd period - Shot by Artemi Panarin.
16:49 of 3rd period - Shot Blocked by Matthew Benning.
16:53 of 3rd period - Shot by Anze Kopitar.
16:53 of 3rd period - Shot Misses the Net.
17:40 of 3rd period - Shot by Philip Tomasino.
17:40 of 3rd period - Stopped by Sergei Bobrovsky without a rebound.
17:41 of 3rd period - Joe Veleno wins face-off versus Adam Ruzicka in MONTREAL Canadiens zone.
17:41 of 3rd period - Joe Veleno is hit by Johnny Gaudreau.
17:48 of 3rd period - Isac Lundestrom is hit by Brenden Dillon and loses puck.
18:39 of 3rd period - Shot by Jeff Petry .
18:39 of 3rd period - Shot Misses the Net.
18:41 of 3rd period - Shot by Martin Frk.
18:41 of 3rd period - Stopped by Sergei Bobrovsky without a rebound.
18:42 of 3rd period - Tyler Seguin wins face-off versus Alexander Wennberg in MONTREAL Canadiens zone.
19:46 of 3rd period - COLORADO Avalanche , Braden Holtby is pulled from the net.
19:52 of 3rd period - Shot by Jeff Petry .
19:52 of 3rd period - Deflect By Claude Giroux.
19:52 of 3rd period - Stopped by Sergei Bobrovsky without a rebound.
19:53 of 3rd period - Patrick Kane wins face-off versus Claude Giroux in MONTREAL Canadiens zone.
Goals for this period are 1 for MONTREAL Canadiens vs 2 for COLORADO Avalanche .
Shots for this period are 14 for MONTREAL Canadiens vs 11 for COLORADO Avalanche .